AoeStats
← iTz Ozy2

Black Forest

509240130Analyzed
4v4 RM · 6d ago on Sep 26, 2026· 21m 13s· 8 players
Game mode
Random Map
Map size
Large (8 player)
Population
200
Speed
Normal
Resources
Standard
Victory
Conquest
Starting age
Dark Age
Ending age
Imperial Age
RankedLock teamsTeams togetherTeam positionsShared explorationLock speedFull tech treeHidden civsTurbo modeCheats
Victory
Defeat
🇺🇸 Goths · United States
954
+17
🇺🇸 Persians · United States
954
+17
🇺🇸 Spanish · United States
902
+19
🇺🇸 Khmer · United States
899
+19
🇲🇽 Lithuanians · Mexico
1020
-20
🇺🇸 Cumans · United States
978
-18
🇦🇺 Spanish · Australia
962
-18
🇵🇪 Malians · Peru
922
-16
Century03
1:02 Loom
11:24 Feudal Age
19:52 Double-Bit Axe
20:35 Horse Collar
Gustatro
0:28 Loom
11:48 Feudal Age
21:30 Castle Age
CyberNinjaX
1:48 Loom
13:43 Feudal Age
13:45 Man-at-Arms
14:59 Double-Bit Axe
15:05 Arson
18:34 Wheelbarrow
Victor_Wembanyama
5:07 Loom
11:15 Feudal Age
11:39 Feudal Age
12:31 Double-Bit Axe
16:52 Castle Age
15:22 Horse Collar
15:36 Gold Mining
19:41 Wheelbarrow
19:49 Bow Saw
20:58 Heavy Plow
iTzSEWERKING
0:29 Loom
13:17 Feudal Age
21:29 Castle Age
19:26 Double-Bit Axe
20:15 Horse Collar
iTz Ozy2
0:28 Loom
13:35 Feudal Age
15:29 Wheelbarrow
15:07 Double-Bit Axe
19:53 Castle Age
21:36 Bow Saw
21:10 Horse Collar
iTz bjonny88
7:15 Loom
10:39 Feudal Age
11:06 Double-Bit Axe
17:24 Castle Age
17:32 Scale Barding Armor
17:38 Forging
18:01 Bow Saw
21:23 Stone Mining
21:33 Gold Mining
iTzSlickUNC
1:04 Loom
11:00 Feudal Age
16:29 Castle Age
15:01 Double-Bit Axe
16:49 Man-at-Arms
18:01 Forging
19:43 Horse Collar
Connection lost

Rejoining the realm…

Still unreachable

The connection could not be restored.

Session expired

The server has moved on; the page needs a fresh start.